 Dungeon Sprint DCSS version 0.30.1-11-g7821555f0a (webtiles) character file.

Game seed: 5055351796773944978

23457 Heoruswealwe the Minotaur Porcupine (level 12, -1/133 HPs)
             Began as a Minotaur Fighter on Dec 24, 2023.
             Was an Initiate of Gozag.
             Killed from afar by Azrael (31 damage)
             ... with damnation
             ... in the Dungeon (Sprint IX: "|||||||||||||||||||||||||||||") on Dec 25, 2023.
             The game lasted 00:31:02 (2950 turns).

Heoruswealwe the Minotaur Porcupine (MiFi)          Turns: 2950, Time: 00:31:04

Health: -1/133     AC: 26    Str: 29    XL:     12   Next: 72%
Magic:  11/11      EV: 11    Int:  5    God:    Gozag
Gold:   227        SH:  5    Dex: 10    Spells: 11/11 levels left

rFire   x . .        b - +9 bardiche "Jaaroir" {holy, rPois rF- Str+3 SInv}
rCold   + . .        (shield currently unavailable)
rNeg    . . .        c - +0 plate armour
rPois   +            (helmet restricted)
rElec   .            h - +1 cloak
rCorr   .            f - +1 pair of gloves "Lutuaqod" {Slay+2}
SInv    +            e - +0 pair of boots
Will    .....        i - amulet of reflection Stlth
                     k - +2 ring of evasion
HPRegen 0.42/turn    j - ring of protection from cold
MPRegen 0.12/turn

%: no teleportation, reflection
@: gold aura
A: horns 2, retaliatory headbutt
a: Renounce Religion, Potion Petition, Call Merchant, Bribe Branch


You were in the Dungeon.
You worshipped Gozag.
Gozag was aware of your devotion.
You visited 1 branch You collected 9479 gold pieces.
You spent 5657 gold pieces at shops.
You paid 3595 gold pieces to Gozag.

Inventory:

Hand Weapons
 a - the +8 trident "Penaim" {vamp, rF+ rCorr Str-2 Int+5}
   (You bought it in a shop in the Dungeon)

   Str:       It affects your strength (-2).
   Int:       It affects your intelligence (+5).
   rF:        It protects you from fire.
   rCorr:     It protects you from acid and corrosion.
 b - the +9 bardiche "Jaaroir" (weapon) {holy, rPois rF- Str+3 SInv}
   (You bought it in a shop in the Dungeon)

   Str:       It affects your strength (+3).
   rF:        It makes you vulnerable to fire.
   rPois:     It protects you from poison.
   SInv:      It lets you see invisible.
 y - the +8 whip "Snakebite" {venom, curare, rPois}
   (You bought it in a shop in the Dungeon)

   rPois:     It protects you from poison.
Armour
 c - a +0 plate armour (worn)
 d - a +0 buckler
 e - a +0 pair of boots (worn)
 f - the +1 pair of gloves "Lutuaqod" (worn) {Slay+2}
   (You found it in the Dungeon)

   Slay:      It affects your accuracy & damage with ranged weapons and melee
   (+2).
 h - a +1 cloak (worn)
Jewellery
 i - an amulet of reflection (around neck)
 j - a ring of protection from cold (right hand)
 k - a +2 ring of evasion (left hand)
Wands
 l - a wand of acid (10)
 w - a wand of mindburst (10)
 z - a wand of flame (10)
Scrolls
 o - 3 scrolls of enchant armour
 p - a scroll of acquirement
 q - 2 scrolls of enchant weapon
 u - a scroll of immolation {unknown}
 v - 4 scrolls of blinking
Potions
 g - 11 potions of curing
 m - 5 potions of heal wounds
 r - 2 potions of might
 s - a potion of mutation
 B - a potion of haste
 C - a potion of cancellation {unknown}
Miscellaneous
 n - a piece from Xom's chessboard (15/15)
 x - a condenser vane


   Skills:
 + Level 20.1 Fighting
 O Level 27 Polearms
 + Level 20.1 Armour
 - Level 3.6 Shields


You had 11 spell levels left.
You didn't know any spells.
Your spell library was empty.

Dungeon Overview and Level Annotations

Branches:
Dungeon (1/1)

Altars:
Cheibriados
Dithmenos
Elyvilon
Fedhas
Gozag
Hepliaklqana
Kikubaaqudgha
Makhleb
Nemelex Xobeh
Okawaru
Qazlal
Ru
Sif Muna
Trog
Uskayaw
Vehumet
Wu Jian
Xom
Yredelemnul
Zin
The Shining One
Jiyva
Lugonu

Shops:
D *(((!**!

Annotations:
D Azrael


Innate Abilities, Weirdness & Mutations

You have a pair of horns on your head.
You reflexively headbutt those who attack you in melee.


Message History

You kill the hell hound!
Azrael the Boundless Flame comes into view.
He is wielding a +2 scimitar of flaming.
You see here 45 gold pieces.
You slice the fire elemental!! You headbutt the fire elemental.
You destroy the fire elemental!
You hear a hideous shriek!
A fire elemental comes into view.
The fire elemental hits you. The fire elemental burns you!
The fire burns you terribly! Azrael gestures at you.
The bolt of fire hits the fire elemental.
The fire elemental completely resists.
The bolt of fire hits you!!! The fire burns you terribly!
The fire elemental hits you. The fire elemental burns you!
The fire burns you terribly!
You see here 180 gold pieces.
You cut the fire elemental into ribbons!!!
You destroy the fire elemental!
You hear a roar!
You hear a shout!
You hear a deafening roar!
You have mastered Polearms!
Really walk into that cloud of flame? [Y]es or [N]o only, please.
Really walk into that cloud of flame? [Y]es or [N]o only, please.
Really walk into that cloud of flame? [Y]es or [N]o only, please.
Really walk into that cloud of flame?
Okay, then.
You hear a roar!
A hell hound comes into view.
Azrael gestures at you.
The sphere of damnation explodes!
The damnation engulfs you!!
* * * LOW HITPOINT WARNING * * *
You hear a hideous shriek!
You hear a bark!
A hell hound comes into view.
The hell hound barks!
The hell hound is distracted by your dazzling golden aura.
Azrael gestures at you.
The sphere of damnation explodes!
The damnation engulfs you!!
You die...
Your body crumbles into a pile of gold.

,*,*,*,*,*,*,*,▓.▓.▓.▓.▓.▓.▓.▓_▓
,*,*,*,*,*,*,*,▓.▓.▓.▓.▓.▓.▓.▓_▓
,*,*,*,*,*,*,*,▓.▓.▓.▓.▓.▓.▓.▓_▓
,*,*,*,*,*+*,*,▓.▓.▓[▓.▓.▓.▓.▓_▓
,*+*,*,*,*,*,*+▓.▓.▓.▓.▓.▓.▓.▓_▓
,*,*,*,*,*,*,*,♣.▓?▓.▓.▓.▓.▓.▓_▓
,*,*,*,*,*,*,*,♣$▓?▓.▓.▓.▓.▓.▓_▓
,*,*,*,*,*,*,*,♣$▓.▓.▓.▓.▓.▓.▓_▓
,*,*,*,*,*,*,*,♣@▓[▓.▓.▓.▓'▓.▓_▓
,*,*,*,*,*,*,*,♣.▓[▓.▓.▓.▓.▓.▓_▓
,*,*,*,*,*,*,*,♣.▓[▓.▓.▓.▓.▓.▓_▓
,*,*,*,*,*,*,*,♣R▓[▓.▓.▓.▓.▓.▓_▓
,*,*,*,*,*,*,*,♣E▓[▓.▓[▓.▓.▓.▓_▓
,*,*,*,*,*,*,*,♣○▓[▓.▓.▓.▓.▓.▓_▓
,*,*,*,*,*,*,*+♣h▓[▓.▓.▓.▓.▓.▓_▓
,*,*,*,*,*,*,*,▓h▓[▓.▓.▓.▓.▓.▓_▓
,*,*,*,*,*,*,*,*,▓.▓.▓.▓.▓.▓.▓_▓


You could see Azrael, a fire elemental and 2 hell hounds.

Vanquished Creatures
  A frost giant (D)
  A very ugly thing (D)
  2 ettins (D)
  A fire dragon (D)
  Harold (D)
  Erolcha (D)
  A catoblepas (D)
  3 hydras (D)
  A deep troll shaman (D)
  2 orc high priests (D)
  A skeletal warrior (D)
  A wizard (D)
  2 orc knights (D)
  9 orc sorcerers (D)
  A cyclops (D)
  2 ugly things (D)
  A manticore (D)
  A black mamba (D)
  3 cane toads (D)
  A gargoyle (D)
  A tengu conjurer (D)
  An efreet (D)
  An unseen horror (D)
  A troll (shapeshifter) (D)
  A meliai (D)
  A troll (D)
  A blink frog (D)
  A slime creature (D)
  A shadow (D)
  2 yaks (D)
  A wraith (D)
  2 fire elementals (D)
  A wyvern (D)
  A basilisk (D)
  Eustachio (D)
  Grum (D)
  2 wargs (D)
  6 water moccasins (D)
  2 hell hounds (D)
  10 orc warriors (D)
  10 wolves (D)
  A kobold brigand (D)
  A bullfrog (D)
  A scorpion (D)
  A hound (D)
  A jelly (D)
  2 orc priests (D)
  A gnoll bouda (D)
  6 orc wizards (D)
  An adder (D)
  2 dart slugs (D)
  7 orcs (D)
  An endoplasm (D)
  A jackal (D)
  A bat (D)
  A frilled lizard (D)
112 creatures vanquished.

Notes
Turn   | Place    | Note
-------+----------+-------------------------------------------
     0 | D        | Heoruswealwe the Minotaur Fighter began the quest for the
                  | Orb.
     0 | D        | Reached XP level 1. HP: 19/19 MP: 0/0
     7 | D        | Reached skill level 3 in Polearms
    13 | D        | Reached skill level 4 in Polearms
    19 | D        | Noticed a jelly
    19 | D        | Noticed a hound
    19 | D        | Noticed a scorpion
    22 | D        | Killed a scorpion
    23 | D        | Reached skill level 5 in Fighting
    23 | D        | Reached skill level 7 in Polearms
    23 | D        | Reached skill level 5 in Armour
    23 | D        | Reached XP level 2. HP: 30/30 MP: 1/1
    23 | D        | Reached XP level 3. HP: 37/37 MP: 2/2
    23 | D        | Reached XP level 4. HP: 44/44 MP: 3/3
    37 | D        | Reached skill level 8 in Polearms
    43 | D        | Reached XP level 5. HP: 24/52 MP: 4/4
    49 | D        | Found a snail-covered altar of Cheibriados.
    49 | D        | Found a shadowy altar of Dithmenos.
    49 | D        | Found a white marble altar of Elyvilon.
    49 | D        | Found a blossoming altar of Fedhas.
    49 | D        | Found an opulent altar of Gozag.
    50 | D        | Found a hazy altar of Hepliaklqana.
    51 | D        | Found a viscous altar of Jiyva.
    52 | D        | Found an ancient bone altar of Kikubaaqudgha.
    53 | D        | Found a corrupted altar of Lugonu.
    54 | D        | Found a burning altar of Makhleb.
    55 | D        | Found a sparkling altar of Nemelex Xobeh.
    56 | D        | Found an iron altar of Okawaru.
    57 | D        | Became a worshipper of Gozag Ym Sagoz the Greedy
    58 | D        | Found a stormy altar of Qazlal.
    59 | D        | Found a sacrificial altar of Ru.
    60 | D        | Found a shimmering blue altar of Sif Muna.
    61 | D        | Found a bloodstained altar of Trog.
    62 | D        | Found a hide-covered altar of Uskayaw.
    63 | D        | Found a radiant altar of Vehumet.
    64 | D        | Found an ornate altar of the Wu Jian Council.
    65 | D        | Found a shimmering altar of Xom.
    66 | D        | Found a basalt altar of Yredelemnul.
    67 | D        | Found a glowing silver altar of Zin.
    68 | D        | Found a glowing golden altar of the Shining One.
   144 | D        | Noticed a yak
   144 | D        | Noticed a troll
   144 | D        | Noticed a shadow
   151 | D        | Killed an unseen horror
   152 | D        | Reached skill level 12 in Polearms
   152 | D        | Reached XP level 6. HP: 58/63 MP: 5/5
   163 | D        | Killed a shadow
   164 | D        | Reached XP level 7. HP: 37/71 MP: 6/6
   170 | D        | Killed a troll
   171 | D        | Reached skill level 10 in Fighting
   171 | D        | Reached skill level 13 in Polearms
   171 | D        | Reached skill level 10 in Armour
   176 | D        | Killed a yak
   177 | D        | Reached skill level 14 in Polearms
   315 | D        | Noticed a cyclops
   315 | D        | Noticed a slime creature
   315 | D        | Noticed a tengu conjurer
   315 | D        | Noticed a gargoyle
   315 | D        | Noticed a wraith
   315 | D        | Noticed a five-headed hydra
   320 | D        | Killed a nine-headed hydra
   321 | D        | Reached skill level 16 in Polearms
   321 | D        | Reached XP level 8. HP: 81/83 MP: 7/7
   328 | D        | Killed a gargoyle
   329 | D        | Reached XP level 9. HP: 79/92 MP: 8/8
   347 | D        | Killed a tengu conjurer
   348 | D        | Reached skill level 17 in Polearms
   356 | D        | Killed a cyclops
   357 | D        | Reached skill level 18 in Polearms
   678 | D        | Noticed a cane toad
   680 | D        | Noticed a five-headed hydra
   703 | D        | Killed a nine-headed hydra
   706 | D        | Reached skill level 19 in Polearms
   708 | D        | Noticed a cane toad
   714 | D        | Killed a cane toad
   715 | D        | Reached XP level 10. HP: 33/104 MP: 9/9
   725 | D        | Killed a cane toad
   958 | D        | Noticed a black mamba
   966 | D        | Killed a black mamba
   967 | D        | Reached skill level 15 in Fighting
   967 | D        | Reached skill level 20 in Polearms
   967 | D        | Reached skill level 15 in Armour
   967 | D        | Noticed a cane toad
   970 | D        | Noticed an eight-headed hydra
   992 | D        | Killed a 15-headed hydra
   999 | D        | Reached skill level 21 in Polearms
  1001 | D        | Killed a cane toad
  1408 | D        | Noticed an orc sorcerer
  1420 | D        | Killed an orc sorcerer
  1423 | D        | Reached XP level 11. HP: 87/115 MP: 10/10
  1437 | D        | Reached skill level 22 in Polearms
  1536 | D        | Noticed an orc high priest
  1550 | D        | Noticed an orc high priest
  1564 | D        | Killed an orc high priest
  1564 | D        | Noticed an orc knight
  1579 | D        | Noticed a sun demon
  1579 | D        | Killed an orc high priest
  1592 | D        | Killed an orc knight
  1592 | D        | Noticed an orc knight
  1618 | D        | Killed an orc knight
  1619 | D        | Reached skill level 23 in Polearms
  1865 | D        | Found Daruisi's Distillery.
  1865 | D        | Noticed an orc sorcerer
  1865 | D        | Noticed an orc sorcerer
  1865 | D        | Noticed an orc sorcerer
  1866 | D        | Noticed a soul eater
  1871 | D        | Noticed an orc sorcerer
  1874 | D        | Killed an orc sorcerer
  1876 | D        | Killed an orc sorcerer
  1878 | D        | Noticed an orc sorcerer
  1881 | D        | Killed an orc sorcerer
  1913 | D        | Killed an orc sorcerer
  1918 | D        | Noticed a sun demon
  1922 | D        | Killed an orc sorcerer
  1925 | D        | Found Woohausi's Assorted Antiques.
  1929 | D        | Found Agov's Assorted Antiques.
  1931 | D        | Noticed an orc sorcerer
  1950 | D        | Killed an orc sorcerer
  1951 | D        | Reached skill level 24 in Polearms
  1960 | D        | Noticed an orc sorcerer
  1961 | D        | Paralysed by an orc sorcerer for 5 turns
  1968 | D        | Noticed a sixfirhy
  1984 | D        | Killed an orc sorcerer
  2000 | D        | Found Oxufur's Distillery.
  2003 | D        | Noticed an orc sorcerer
  2006 | D        | Paralysed by an orc sorcerer for 3 turns
  2021 | D        | Killed an orc sorcerer
  2070 | D        | Bought a scroll of identify for 58 gold pieces
  2070 | D        | Bought 2 potions of curing for 174 gold pieces
  2070 | D        | Bought a scroll labelled UZANWE TANTING for 29 gold pieces
  2070 | D        | Bought a piece from Xom's chessboard (15/15) for 580 gold
                  | pieces
  2070 | D        | Bought a scroll labelled PELOSK NEUNA for 29 gold pieces
  2072 | D        | Bought a scroll labelled CUWOUB YGHOENI for 19 gold pieces
  2072 | D        | Bought a scroll labelled DEMOGOAHIR for 19 gold pieces
  2072 | D        | Bought a scroll labelled TYUTHU SUGAINI for 19 gold pieces
  2072 | D        | Bought a marble ring for 95 gold pieces
  2072 | D        | Bought a twisted silver wand for 76 gold pieces
  2072 | D        | Bought a condenser vane for 760 gold pieces
  2076 | D        | Bought a potion of heal wounds for 50 gold pieces
  2076 | D        | Bought a potion of attraction for 30 gold pieces
  2076 | D        | Bought a potion of curing for 30 gold pieces
  2076 | D        | Bought a potion of heal wounds for 50 gold pieces
  2082 | D        | Bought a potion of heal wounds for 55 gold pieces
  2082 | D        | Bought a potion of flight for 33 gold pieces
  2082 | D        | Bought a potion of curing for 33 gold pieces
  2082 | D        | Bought a potion of haste for 110 gold pieces
  2082 | D        | Bought a potion of heal wounds for 55 gold pieces
  2109 | D        | Bought the +8 trident "Penaim" {vamp, rF+ rCorr Str-2
                  | Int+5} for 916 gold pieces
  2145 | D        | Bought the +9 bardiche "Jaaroir" {holy, rPois rF- Str+3
                  | SInv} for 910 gold pieces
  2201 | D        | Noticed Grum
  2212 | D        | Killed Grum
  2228 | D        | Noticed Eustachio
  2232 | D        | Killed Eustachio
  2242 | D        | Noticed Erolcha
  2248 | D        | Killed Erolcha
  2286 | D        | Noticed Harold
  2299 | D        | Killed Harold
  2300 | D        | Reached XP level 12. HP: 109/128 MP: 11/11
  2379 | D        | Got the +1 pair of gloves "Lutuaqod" {Slay+2}
  2434 | D        | Reached skill level 25 in Polearms
  2445 | D        | Noticed a catoblepas
  2446 | D        | Noticed a frost giant
  2462 | D        | Noticed a white very ugly thing
  2471 | D        | Noticed an ettin
  2473 | D        | Noticed a deep troll shaman
  2478 | D        | Noticed a fire dragon
  2486 | D        | Killed a catoblepas
  2491 | D        | Noticed an ettin
  2502 | D        | Killed a frost giant
  2503 | D        | Reached skill level 26 in Polearms
  2503 | D        | HP: 4/130 [white very ugly thing (12)]
  2512 | D        | Killed a white very ugly thing
  2518 | D        | HP: 1/132 [ettin/+0 dire flail (25)]
  2524 | D        | Killed an ettin
  2528 | D        | Killed a deep troll shaman
  2538 | D        | Killed a fire dragon
  2543 | D        | Killed an ettin
  2766 | D        | Bought the +8 whip "Snakebite" {venom, curare, rPois} for
                  | 1300 gold pieces
  2766 | D        | Found the +8 whip "Snakebite" {venom, curare, rPois}
  2769 | D        | Bought a runed copper wand for 132 gold pieces
  2769 | D        | Bought a scroll of identify for 66 gold pieces
  2769 | D        | Bought a clear potion for 29 gold pieces
  2945 | D        | Noticed Azrael
  2949 | D        | Reached skill level 27 in Polearms
  2950 | D        | Killed from afar by Azrael

Illustrated notes

Levels and vault maps discovered:
D:        linesprint [early_d, line_temple, items_1, d_10, items_2, lair_1,
          lair_end, items_3, orc_1, orc_end, items_4, d_15, swamp_1, shoals_1,
          snake_1, spider_1, d_20, vaults_1, items_5, swamp_end, shoals_end,
          snake_end, spider_end, vaults_end, d_27, items_6, zot_1, zot_end,
          crypt_end, forest_end, elf_end, slime_end, tomb_end, abyss_end,
          pan_hell_end]

Skill      XL: |  1  2  3  4  5  6  7  8  9 10 11 12 |
---------------+-------------------------------------+-----
Polearms       | 7 8 12 16 19 21 24 27 | 27.0
Fighting       | 5 7 9 12 14 16 18 20 | 20.1
Armour         | 5 7 9 12 14 16 18 20 | 20.1
Shields        | |  3.6

Action                     |  1- 3 |  4- 6 |  7- 9 | 10-12 || total
---------------------------+-------+-------+-------+-------++-------
  Melee: Trident           |    11 |    20 |       |    11 ||    42
         Headbutt          |     1 |     4 |    22 |    68 ||    95
         Halberd           |       |    19 |    80 |   232 ||   331
         Bardiche          |       |       |       |    73 ||    73
 Invoke: Call Merchant     |       |       |       |     4 ||     4
    Use: Potion            |       |       |     3 |     7 ||    10
         Scroll            |       |       |       |     5 ||     5
   Stab: Distracted        |       |       |       |     2 ||     2
         Petrified         |       |       |       |     4 ||     4
 Armour: Scale mail        |     4 |    11 |       |       ||    15
         Chain mail        |       |    15 |    42 |       ||    57
         Plate armour      |       |       |    20 |   120 ||   140
  Dodge: Dodged            |     4 |     5 |    35 |    96 ||   140
  Block: Buckler           |       |     1 |       |       ||     1
         Other             |       |       |       |     7 ||     7
